 Dungeon Crawl Stone Soup version 0.25-a0-663-gace7076f2c (webtiles) character file.

Game seed: 17850517003899363696, levelgen mode: deterministic

49 Esekla the Stinger (level 3, 0/23 HPs)
             Began as an Octopode Venom Mage on Mar 26, 2020.
             Killed from afar by an orc wizard (9 damage)
             ... with a magic dart
             ... on level 3 of the Dungeon.
             The game lasted 00:11:07 (2121 turns).

Esekla the Stinger (Octopode Venom Mage)            Turns: 2121, Time: 00:11:08

Health: 0/23       AC:  1    Str:  8    XL:     3   Next: 75%
Magic:  0/6        EV: 13    Int: 17    God:
Gold:   127        SH:  0    Dex: 12    Spells: 0/6 levels left

rFire    . . .     SeeInvis .   a - +2 dagger (distort)
rCold    . . .     Gourm    .   (no shield)
rNeg     . . .     Faith    .   (helmet restricted)
rPois    .         Spirit   .   f - amulet of the acrobat
rElec    .         Reflect  .   (no ring)
rCorr    .         Harm     .   (no ring)
MR       .....                  (no ring)
Stlth    +++.......             (no ring)
HPRegen  0.07/turn              (no ring)
MPRegen  0.10/turn              (no ring)
                                (no ring)
                                (no ring)

@: no status effects
A: almost no armour, stealthy swim, amphibious, 8 rings, constrict 8, camouflage
1, gelatinous body 1
a: no special abilities


You were on level 3 of the Dungeon.
You were near starving.

You visited 1 branch of the dungeon, and saw 3 of its levels.

You collected 127 gold pieces.

Inventory:

Hand Weapons
 a - a +2 dagger of distortion (weapon)
 i - a +0 short sword
Missiles
 g - 4 poisoned darts (quivered)
Jewellery
 f - an amulet of the acrobat (around mantle)
Scrolls
 c - a scroll of identify {unknown}
 d - 2 scrolls of enchant weapon {unknown}
 e - 2 scrolls of immolation {unknown}
 h - a scroll of fear {unknown}
Comestibles
 b - 4 rations


   Skills:
 * Level 1.0 Fighting
 + Level 0.3 Short Blades
 * Level 2.3 Dodging
 + Level 2.9 Stealth
 * Level 2.4 Spellcasting
 * Level 0.2 Conjurations
 - Level 1.0 Transmutations
 * Level 0.6 Air Magic
 + Level 4.1 Poison Magic


You couldn't memorise any spells.
You knew the following spells:

 Your Spells              Type           Power        Failure   Level  Hunger
a - Sting                 Tmut/Pois      ##..         6%          1    #......
c - Mephitic Cloud        Conj/Pois/Air  #.......     28%         3    ###....
v - Poisonous Vapours     Pois/Air       ##....       11%         2    ##.....

Your spell library contained the following spells:

 Spells                   Type           Power        Failure   Level  Hunger
 Ignite Poison            Fire/Tmut/Pois #.......     26%         3    ###....
 Olgreb's Toxic Radiance  Pois           ###.....     32%         4    #####..


Dungeon Overview and Level Annotations

Branches:
Dungeon (3/15)

Altars:
Dithmenos
Kikubaaqudgha


Innate Abilities, Weirdness & Mutations

You cannot wear most types of armour.
You are very stealthy in the water. (Stealth+)
You are amphibious.
You can wear up to eight rings at the same time.
You can use your tentacles to constrict eight enemies at once.
Your skin changes colour to match your surroundings (Stealth+).
Your rubbery body absorbs attacks. (AC +1, EV +1)


Message History

Space warps around you for a moment!
a - a +2 dagger of distortion (weapon)
The orc wizard misses you.
You closely miss the orc wizard.
The frilled lizard hisses angrily.
Your grab misses the orc wizard.
The orc wizard is lightly wounded.
The orc wizard gestures at you while chanting.
The puff of flame hits you.
Casting: Poisonous Vapours (safe; 11% risk of failure)
Confirm with . or Enter, or press ? or * to list all spells.
Aiming: Poisonous Vapours (safe; 11% risk of failure)
Press: ? - help, Dir - move target cursor, f/p - orc wizard
Aim: an orc wizard, wielding a +0 dagger and wearing a +0 robe (lightly wounded, fast) Poisonous vapours surround the orc wizard!
The orc wizard is engulfed in poison gas.
The orc wizard is poisoned.
The orc wizard gestures at you while chanting.
The magic dart hits you!
You die...

..# #####.# #.....#
#####
###.....###...#
....l.........#
........###.o.#
.#......# ##.##
.......<####.######
........@ooo........
.#.####.###..######.
# #.# #..# #.# #..#
.#. #..# # # #...
.>### ###


You could see an orc wizard, 2 orcs and a frilled lizard.

Vanquished Creatures
  A dart slug (D:2)
  2 leopard geckos
  2 orcs (D:3)
  2 ball pythons
  3 giant cockroaches (D:1)
  7 goblins
  3 hobgoblins
  3 jackals (D:1)
  2 kobolds (D:2)
  3 bats
  3 frilled lizards (D:2)
  7 rats
  A rat zombie (D:2)
39 creatures vanquished.

Notes
Turn   | Place    | Note
-------+----------+-------------------------------------------
     0 | D:1      | Esekla the Octopode Venom Mage began the quest for the Orb.
     0 | D:1      | Reached XP level 1. HP: 11/11 MP: 3/3
   259 | D:1      | Reached XP level 2. HP: 18/18 MP: 1/5
   324 | D:1      | Reached skill level 4 in Poison Magic
   334 | D:1      | Learned a level 2 spell: Poisonous Vapours
   774 | D:1      | Reached XP level 3. HP: 21/22 MP: 4/6
   779 | D:1      | Learned a level 3 spell: Mephitic Cloud
  1351 | D:2      | Found a shadowy altar of Dithmenos.
  1507 | D:2      | Reached skill level 1 in Fighting
  1949 | D:2      | Found an ancient bone altar of Kikubaaqudgha.
  2121 | D:3      | Killed from afar by an orc wizard

Levels and vault maps discovered:
D:1:      sevenhm_arrival_forest_fort_small_3, layout_basic, minivault_24,
          serial_bayou_lagoon_a
D:2:      layout_basic, grunt_dithmenos_smoke,
          lemuel_zombie_altar_kikubaaqudgha, serial_bayou_pond_e
D:3:      layout_loops_ring, lemuel_round_altar, nicolae_tso_carved_into_rock,
          gup_sewer_entry_pipe, uniq_terence

Skill      XL: |  1  2  3 |
---------------+----------+-----
Poison Magic   | 4 |  4.1
Fighting       | 1 |  1.0
Short Blades   | |  0.3
Dodging        | |  2.3
Stealth        | |  2.9
Spellcasting   | |  2.4
Conjurations   | |  0.2
Transmutations | |  1.0
Air Magic      | |  0.6

Action                   || total
-------------------------++-------
Melee: Unarmed           ||    19
       Constrict         ||    22
       Tentacles         ||    15
       Dagger            ||    41
       Short sword       ||    12
 Cast: Sting             ||     8
       Poisonous Vapours ||    13
 Stab: Sleeping          ||     4
  Eat: Chunk             ||     3
Armor: Skin              ||     4
Dodge: Dodged            ||    47

Table legend:
 A = Non-vault XP
 B = Vault XP
 C = Vault XP percentage of total XP
 D = Non-vault monster count
 E = Vault monster count
 F = Vault count percentage of total count
                 A         B        C        D         E       F
            +---------+---------+-------+---------+---------+-------
      Total |      69 |       1 |   1.4 |      38 |       1 |   2.6
            +---------+---------+-------+---------+---------+-------
        D:1 |      36 |       0 |   0.0 |      20 |       0 |   0.0
        D:2 |      26 |       1 |   3.7 |      15 |       1 |   6.2
        D:3 |       7 |       0 |   0.0 |       3 |       0 |   0.0
            +---------+---------+-------+---------+---------+-------
